AoeStats
← O grande

Arabian Desert

509956601Analyzed
1v1 RM · 2d ago on Sep 28, 2026· 35m 18s· 2 players
Game mode
Random Map
Map size
Tiny (2 player)
Population
200
Speed
Normal
Resources
Standard
Victory
Conquest
Starting age
Dark Age
Ending age
Imperial Age
RankedLock teamsTeams togetherTeam positionsShared explorationLock speedFull tech treeHidden civsTurbo modeCheats
Victory
Defeat
🇧🇷 Tatars · Brazil
2069
+16
🇩🇴 Varangians · Dominican Republic
2077
-16
O grande
6:38 Loom
8:52 Feudal Age
9:22 Double-Bit Axe
11:47 Horse Collar
15:10 Fletching
17:31 Padded Archer Armor
23:00 Castle Age
23:36 Bodkin Arrow
24:17 Bloodlines
27:06 Husbandry
RD | Lina
6:01 Loom
6:05 Loom
8:48 Feudal Age
9:33 Double-Bit Axe
13:40 Fletching
21:19 Castle Age
20:49 Bloodlines
21:25 Scale Barding Armor
21:43 Horse Collar
25:39 Bow Saw
24:55 Light Cavalry
27:32 Chain Barding Armor
28:15 Husbandry
28:27 Forging
34:41 Wheelbarrow
Connection lost

Rejoining the realm…

Still unreachable

The connection could not be restored.

Session expired

The server has moved on; the page needs a fresh start.